Workbook
Name lista_apoyo: Listas!$D$2:$D$6
Name lista_canal: Listas!$F$2:$F$9
Name lista_categoria: Listas!$B$2:$B$10
Name lista_estado: Listas!$H$2:$H$6
Name lista_frecuencia: Listas!$G$2:$G$7
Name lista_nivel: Listas!$C$2:$C$6
Name lista_responsable: Listas!$E$2:$E$9
Name lista_tipo: Listas!$A$2:$A$7

Sheet Mapa
A1: MAPA DE STAKEHOLDERS · VISTA EJECUTIVA
A2: Proyecto | B2: =Registro!B2 -> Red de bicicletas eléctricas compartidas · Ciudad Río Norte | I2: Responsable | J2: =Registro!K2 -> PMO Movilidad + Oficina de Innovación Urbana
A3: =Registro!B3 -> Desplegar 120 bicicletas, 24 estaciones y una app de movilidad integrada antes de la campaña de verano. | I3: Revisión | J3: =Registro!K3 -> 46127
A6: =COUNTA(Registro!$B$6:$B$35) -> 30 | D6: =COUNTIF(Listas!$N$6:$N$35,"Crítico") -> 5 | H6: =COUNTIF(Registro!$H$6:$H$35,"Bloquea")+COUNTIF(Registro!$H$6:$H$35,"Resiste") -> 2 | K6: =COUNTIF(Registro!$H$6:$H$35,"Favorece")+COUNTIF(Registro!$H$6:$H$35,"Patrocina") -> 11
A9: Total stakeholders | D9: Prioridad crítica | H9: Oposición activa | K9: Aliados activos
A11: Densidad por influencia e interés | H11: Tratamiento recomendado por cuadrante
A12: Influencia ↓ | B12: 1 | C12: 2 | D12: 3 | E12: 4 | F12: 5 | H12: Gestionar de cerca | K12: Mantener satisfecho
A13: 5 | B13: =COUNTIFS(Registro!$F$6:$F$35,$A13,Registro!$G$6:$G$35,B$12) -> 0 | C13: =COUNTIFS(Registro!$F$6:$F$35,$A13,Registro!$G$6:$G$35,C$12) -> 0 | D13: =COUNTIFS(Registro!$F$6:$F$35,$A13,Registro!$G$6:$G$35,D$12) -> 1 | E13: =COUNTIFS(Registro!$F$6:$F$35,$A13,Registro!$G$6:$G$35,E$12) -> 0 | F13: =COUNTIFS(Registro!$F$6:$F$35,$A13,Registro!$G$6:$G$35,F$12) -> 1 | H13: =COUNTIF(Registro!$L$6:$L$35,"Gestionar de cerca") -> 7 | K13: =COUNTIF(Registro!$L$6:$L$35,"Mantener satisfecho") -> 2
A14: 4 | B14: =COUNTIFS(Registro!$F$6:$F$35,$A14,Registro!$G$6:$G$35,B$12) -> 0 | C14: =COUNTIFS(Registro!$F$6:$F$35,$A14,Registro!$G$6:$G$35,C$12) -> 0 | D14: =COUNTIFS(Registro!$F$6:$F$35,$A14,Registro!$G$6:$G$35,D$12) -> 1 | E14: =COUNTIFS(Registro!$F$6:$F$35,$A14,Registro!$G$6:$G$35,E$12) -> 3 | F14: =COUNTIFS(Registro!$F$6:$F$35,$A14,Registro!$G$6:$G$35,F$12) -> 3 | H14: Alta influencia + alto interés. Codiseño, validación y seguimiento cercano. | K14: Alta influencia + menor interés. Resumen ejecutivo y validación en hitos.
A15: 3 | B15: =COUNTIFS(Registro!$F$6:$F$35,$A15,Registro!$G$6:$G$35,B$12) -> 0 | C15: =COUNTIFS(Registro!$F$6:$F$35,$A15,Registro!$G$6:$G$35,C$12) -> 0 | D15: =COUNTIFS(Registro!$F$6:$F$35,$A15,Registro!$G$6:$G$35,D$12) -> 1 | E15: =COUNTIFS(Registro!$F$6:$F$35,$A15,Registro!$G$6:$G$35,E$12) -> 5 | F15: =COUNTIFS(Registro!$F$6:$F$35,$A15,Registro!$G$6:$G$35,F$12) -> 1
A16: 2 | B16: =COUNTIFS(Registro!$F$6:$F$35,$A16,Registro!$G$6:$G$35,B$12) -> 0 | C16: =COUNTIFS(Registro!$F$6:$F$35,$A16,Registro!$G$6:$G$35,C$12) -> 0 | D16: =COUNTIFS(Registro!$F$6:$F$35,$A16,Registro!$G$6:$G$35,D$12) -> 1 | E16: =COUNTIFS(Registro!$F$6:$F$35,$A16,Registro!$G$6:$G$35,E$12) -> 0 | F16: =COUNTIFS(Registro!$F$6:$F$35,$A16,Registro!$G$6:$G$35,F$12) -> 1 | H16: Mantener informado | K16: Monitorizar
A17: 1 | B17: =COUNTIFS(Registro!$F$6:$F$35,$A17,Registro!$G$6:$G$35,B$12) -> 0 | C17: =COUNTIFS(Registro!$F$6:$F$35,$A17,Registro!$G$6:$G$35,C$12) -> 0 | D17: =COUNTIFS(Registro!$F$6:$F$35,$A17,Registro!$G$6:$G$35,D$12) -> 0 | E17: =COUNTIFS(Registro!$F$6:$F$35,$A17,Registro!$G$6:$G$35,E$12) -> 0 | F17: =COUNTIFS(Registro!$F$6:$F$35,$A17,Registro!$G$6:$G$35,F$12) -> 0 | H17: =COUNTIF(Registro!$L$6:$L$35,"Mantener informado") -> 7 | K17: =COUNTIF(Registro!$L$6:$L$35,"Monitorizar") -> 2
B18: Interés → | H18: Menor influencia + alto interés. Comunicación clara y feedback periódico. | K18: Menor influencia + menor interés. Seguimiento ligero y vigilancia de cambios.
A21: Top stakeholders por prioridad | G21: Acciones clave para stakeholders prioritarios
A22: # | B22: Stakeholder | C22: Cuadrante | D22: Pri. | E22: Apoyo | F22: Resp. | G22: # | H22: Stakeholder | I22: Acción | J22: Resp. | K22: Estado
A23: 1 | B23: =IFERROR(INDEX(Registro!$B$6:$B$35,MATCH(LARGE(Listas!$L$6:$L$35,ROWS($A$23:A23)),Listas!$L$6:$L$35,0)),"") -> Concejalía de Movilidad | C23: =IFERROR(INDEX(Registro!$L$6:$L$35,MATCH(LARGE(Listas!$L$6:$L$35,ROWS($A$23:A23)),Listas!$L$6:$L$35,0)),"") -> Gestionar de cerca | D23: =IFERROR(INDEX(Registro!$K$6:$K$35,MATCH(LARGE(Listas!$L$6:$L$35,ROWS($A$23:A23)),Listas!$L$6:$L$35,0)),"") -> 88 | E23: =IFERROR(INDEX(Registro!$H$6:$H$35,MATCH(LARGE(Listas!$L$6:$L$35,ROWS($A$23:A23)),Listas!$L$6:$L$35,0)),"") -> Patrocina | F23: =IFERROR(INDEX(Registro!$N$6:$N$35,MATCH(LARGE(Listas!$L$6:$L$35,ROWS($A$23:A23)),Listas!$L$6:$L$35,0)),"") -> Movilidad | G23: 1 | H23: =IFERROR(INDEX(Registro!$B$6:$B$35,MATCH(LARGE(Listas!$L$6:$L$35,ROWS($G$23:G23)),Listas!$L$6:$L$35,0)),"") -> Concejalía de Movilidad | I23: =IFERROR(INDEX(Registro!$Q$6:$Q$35,MATCH(LARGE(Listas!$L$6:$L$35,ROWS($G$23:G23)),Listas!$L$6:$L$35,0)),"") -> Validar plan de despliegue por fases | J23: =IFERROR(INDEX(Registro!$N$6:$N$35,MATCH(LARGE(Listas!$L$6:$L$35,ROWS($G$23:G23)),Listas!$L$6:$L$35,0)),"") -> Movilidad | K23: =IFERROR(INDEX(Registro!$S$6:$S$35,MATCH(LARGE(Listas!$L$6:$L$35,ROWS($G$23:G23)),Listas!$L$6:$L$35,0)),"") -> Alineado
A24: 2 | B24: =IFERROR(INDEX(Registro!$B$6:$B$35,MATCH(LARGE(Listas!$L$6:$L$35,ROWS($A$23:A24)),Listas!$L$6:$L$35,0)),"") -> Proveedor de estaciones y bicicletas | C24: =IFERROR(INDEX(Registro!$L$6:$L$35,MATCH(LARGE(Listas!$L$6:$L$35,ROWS($A$23:A24)),Listas!$L$6:$L$35,0)),"") -> Gestionar de cerca | D24: =IFERROR(INDEX(Registro!$K$6:$K$35,MATCH(LARGE(Listas!$L$6:$L$35,ROWS($A$23:A24)),Listas!$L$6:$L$35,0)),"") -> 84 | E24: =IFERROR(INDEX(Registro!$H$6:$H$35,MATCH(LARGE(Listas!$L$6:$L$35,ROWS($A$23:A24)),Listas!$L$6:$L$35,0)),"") -> Favorece | F24: =IFERROR(INDEX(Registro!$N$6:$N$35,MATCH(LARGE(Listas!$L$6:$L$35,ROWS($A$23:A24)),Listas!$L$6:$L$35,0)),"") -> Operaciones | G24: 2 | H24: =IFERROR(INDEX(Registro!$B$6:$B$35,MATCH(LARGE(Listas!$L$6:$L$35,ROWS($G$23:G24)),Listas!$L$6:$L$35,0)),"") -> Proveedor de estaciones y bicicletas | I24: =IFERROR(INDEX(Registro!$Q$6:$Q$35,MATCH(LARGE(Listas!$L$6:$L$35,ROWS($G$23:G24)),Listas!$L$6:$L$35,0)),"") -> Confirmar cronograma logístico del primer lote | J24: =IFERROR(INDEX(Registro!$N$6:$N$35,MATCH(LARGE(Listas!$L$6:$L$35,ROWS($G$23:G24)),Listas!$L$6:$L$35,0)),"") -> Operaciones | K24: =IFERROR(INDEX(Registro!$S$6:$S$35,MATCH(LARGE(Listas!$L$6:$L$35,ROWS($G$23:G24)),Listas!$L$6:$L$35,0)),"") -> En seguimiento
A25: 3 | B25: =IFERROR(INDEX(Registro!$B$6:$B$35,MATCH(LARGE(Listas!$L$6:$L$35,ROWS($A$23:A25)),Listas!$L$6:$L$35,0)),"") -> Operador tecnológico de la app | C25: =IFERROR(INDEX(Registro!$L$6:$L$35,MATCH(LARGE(Listas!$L$6:$L$35,ROWS($A$23:A25)),Listas!$L$6:$L$35,0)),"") -> Gestionar de cerca | D25: =IFERROR(INDEX(Registro!$K$6:$K$35,MATCH(LARGE(Listas!$L$6:$L$35,ROWS($A$23:A25)),Listas!$L$6:$L$35,0)),"") -> 84 | E25: =IFERROR(INDEX(Registro!$H$6:$H$35,MATCH(LARGE(Listas!$L$6:$L$35,ROWS($A$23:A25)),Listas!$L$6:$L$35,0)),"") -> Favorece | F25: =IFERROR(INDEX(Registro!$N$6:$N$35,MATCH(LARGE(Listas!$L$6:$L$35,ROWS($A$23:A25)),Listas!$L$6:$L$35,0)),"") -> Tecnología | G25: 3 | H25: =IFERROR(INDEX(Registro!$B$6:$B$35,MATCH(LARGE(Listas!$L$6:$L$35,ROWS($G$23:G25)),Listas!$L$6:$L$35,0)),"") -> Operador tecnológico de la app | I25: =IFERROR(INDEX(Registro!$Q$6:$Q$35,MATCH(LARGE(Listas!$L$6:$L$35,ROWS($G$23:G25)),Listas!$L$6:$L$35,0)),"") -> Revisar backlog crítico y pruebas de pago | J25: =IFERROR(INDEX(Registro!$N$6:$N$35,MATCH(LARGE(Listas!$L$6:$L$35,ROWS($G$23:G25)),Listas!$L$6:$L$35,0)),"") -> Tecnología | K25: =IFERROR(INDEX(Registro!$S$6:$S$35,MATCH(LARGE(Listas!$L$6:$L$35,ROWS($G$23:G25)),Listas!$L$6:$L$35,0)),"") -> En seguimiento
A26: 4 | B26: =IFERROR(INDEX(Registro!$B$6:$B$35,MATCH(LARGE(Listas!$L$6:$L$35,ROWS($A$23:A26)),Listas!$L$6:$L$35,0)),"") -> Asociación de Vecinos del Centro | C26: =IFERROR(INDEX(Registro!$L$6:$L$35,MATCH(LARGE(Listas!$L$6:$L$35,ROWS($A$23:A26)),Listas!$L$6:$L$35,0)),"") -> Gestionar de cerca | D26: =IFERROR(INDEX(Registro!$K$6:$K$35,MATCH(LARGE(Listas!$L$6:$L$35,ROWS($A$23:A26)),Listas!$L$6:$L$35,0)),"") -> 82 | E26: =IFERROR(INDEX(Registro!$H$6:$H$35,MATCH(LARGE(Listas!$L$6:$L$35,ROWS($A$23:A26)),Listas!$L$6:$L$35,0)),"") -> Resiste | F26: =IFERROR(INDEX(Registro!$N$6:$N$35,MATCH(LARGE(Listas!$L$6:$L$35,ROWS($A$23:A26)),Listas!$L$6:$L$35,0)),"") -> Comunicación | G26: 4 | H26: =IFERROR(INDEX(Registro!$B$6:$B$35,MATCH(LARGE(Listas!$L$6:$L$35,ROWS($G$23:G26)),Listas!$L$6:$L$35,0)),"") -> Asociación de Vecinos del Centro | I26: =IFERROR(INDEX(Registro!$Q$6:$Q$35,MATCH(LARGE(Listas!$L$6:$L$35,ROWS($G$23:G26)),Listas!$L$6:$L$35,0)),"") -> Presentar mapa de estaciones y ajustes por ruido | J26: =IFERROR(INDEX(Registro!$N$6:$N$35,MATCH(LARGE(Listas!$L$6:$L$35,ROWS($G$23:G26)),Listas!$L$6:$L$35,0)),"") -> Comunicación | K26: =IFERROR(INDEX(Registro!$S$6:$S$35,MATCH(LARGE(Listas!$L$6:$L$35,ROWS($G$23:G26)),Listas!$L$6:$L$35,0)),"") -> En riesgo
A27: 5 | B27: =IFERROR(INDEX(Registro!$B$6:$B$35,MATCH(LARGE(Listas!$L$6:$L$35,ROWS($A$23:A27)),Listas!$L$6:$L$35,0)),"") -> Intervención municipal / Hacienda | C27: =IFERROR(INDEX(Registro!$L$6:$L$35,MATCH(LARGE(Listas!$L$6:$L$35,ROWS($A$23:A27)),Listas!$L$6:$L$35,0)),"") -> Mantener satisfecho | D27: =IFERROR(INDEX(Registro!$K$6:$K$35,MATCH(LARGE(Listas!$L$6:$L$35,ROWS($A$23:A27)),Listas!$L$6:$L$35,0)),"") -> 80 | E27: =IFERROR(INDEX(Registro!$H$6:$H$35,MATCH(LARGE(Listas!$L$6:$L$35,ROWS($A$23:A27)),Listas!$L$6:$L$35,0)),"") -> Neutral | F27: =IFERROR(INDEX(Registro!$N$6:$N$35,MATCH(LARGE(Listas!$L$6:$L$35,ROWS($A$23:A27)),Listas!$L$6:$L$35,0)),"") -> Finanzas | G27: 5 | H27: =IFERROR(INDEX(Registro!$B$6:$B$35,MATCH(LARGE(Listas!$L$6:$L$35,ROWS($G$23:G27)),Listas!$L$6:$L$35,0)),"") -> Intervención municipal / Hacienda | I27: =IFERROR(INDEX(Registro!$Q$6:$Q$35,MATCH(LARGE(Listas!$L$6:$L$35,ROWS($G$23:G27)),Listas!$L$6:$L$35,0)),"") -> Cerrar revisión del modelo financiero anual | J27: =IFERROR(INDEX(Registro!$N$6:$N$35,MATCH(LARGE(Listas!$L$6:$L$35,ROWS($G$23:G27)),Listas!$L$6:$L$35,0)),"") -> Finanzas | K27: =IFERROR(INDEX(Registro!$S$6:$S$35,MATCH(LARGE(Listas!$L$6:$L$35,ROWS($G$23:G27)),Listas!$L$6:$L$35,0)),"") -> En seguimiento
A28: 6 | B28: =IFERROR(INDEX(Registro!$B$6:$B$35,MATCH(LARGE(Listas!$L$6:$L$35,ROWS($A$23:A28)),Listas!$L$6:$L$35,0)),"") -> Área de Medio Ambiente | C28: =IFERROR(INDEX(Registro!$L$6:$L$35,MATCH(LARGE(Listas!$L$6:$L$35,ROWS($A$23:A28)),Listas!$L$6:$L$35,0)),"") -> Gestionar de cerca | D28: =IFERROR(INDEX(Registro!$K$6:$K$35,MATCH(LARGE(Listas!$L$6:$L$35,ROWS($A$23:A28)),Listas!$L$6:$L$35,0)),"") -> 74 | E28: =IFERROR(INDEX(Registro!$H$6:$H$35,MATCH(LARGE(Listas!$L$6:$L$35,ROWS($A$23:A28)),Listas!$L$6:$L$35,0)),"") -> Favorece | F28: =IFERROR(INDEX(Registro!$N$6:$N$35,MATCH(LARGE(Listas!$L$6:$L$35,ROWS($A$23:A28)),Listas!$L$6:$L$35,0)),"") -> Movilidad | G28: 6 | H28: =IFERROR(INDEX(Registro!$B$6:$B$35,MATCH(LARGE(Listas!$L$6:$L$35,ROWS($G$23:G28)),Listas!$L$6:$L$35,0)),"") -> Área de Medio Ambiente | I28: =IFERROR(INDEX(Registro!$Q$6:$Q$35,MATCH(LARGE(Listas!$L$6:$L$35,ROWS($G$23:G28)),Listas!$L$6:$L$35,0)),"") -> Acordar cuadro de mando de CO2 evitado | J28: =IFERROR(INDEX(Registro!$N$6:$N$35,MATCH(LARGE(Listas!$L$6:$L$35,ROWS($G$23:G28)),Listas!$L$6:$L$35,0)),"") -> Movilidad | K28: =IFERROR(INDEX(Registro!$S$6:$S$35,MATCH(LARGE(Listas!$L$6:$L$35,ROWS($G$23:G28)),Listas!$L$6:$L$35,0)),"") -> Alineado
A30: Distribución del apoyo actual
A31: Bloquea | B31: =COUNTIF(Registro!$H$6:$H$35,"Bloquea") -> 1 | C31: =B31/MAX(1,COUNTA(Registro!$B$6:$B$35)) -> 0.033333333
A32: Resiste | B32: =COUNTIF(Registro!$H$6:$H$35,"Resiste") -> 1 | C32: =B32/MAX(1,COUNTA(Registro!$B$6:$B$35)) -> 0.033333333
A33: Neutral | B33: =COUNTIF(Registro!$H$6:$H$35,"Neutral") -> 5 | C33: =B33/MAX(1,COUNTA(Registro!$B$6:$B$35)) -> 0.16666667
A34: Favorece | B34: =COUNTIF(Registro!$H$6:$H$35,"Favorece") -> 9 | C34: =B34/MAX(1,COUNTA(Registro!$B$6:$B$35)) -> 0.3
A35: Patrocina | B35: =COUNTIF(Registro!$H$6:$H$35,"Patrocina") -> 2 | C35: =B35/MAX(1,COUNTA(Registro!$B$6:$B$35)) -> 0.066666667
A38: Metodología inspirada en prácticas habituales de matrices poder/interés y planes de engagement. Fuentes estructurales en la hoja oculta 'Listas' (URLs en texto plano).

Sheet Registro
A1: MAPA DE STAKEHOLDERS · REGISTRO OPERATIVO
A2: Proyecto | B2: Red de bicicletas eléctricas compartidas · Ciudad Río Norte | J2: Responsable del mapa | K2: PMO Movilidad + Oficina de Innovación Urbana | P2: Instrucciones rápidas: 1) Edita solo celdas beige. 2) Ajusta influencia/interés/impacto/dependencia del 1 al 5. 3) El cuadrante, la prioridad y la estrategia se recalculan automáticamente.
A3: Objetivo | B3: Desplegar 120 bicicletas, 24 estaciones y una app de movilidad integrada antes de la campaña de verano. | J3: Última revisión | K3: 46127
A5: ID | B5: Stakeholder | C5: Tipo | D5: Categoría | E5: Rol / vínculo | F5: Influencia (1-5) | G5: Interés (1-5) | H5: Apoyo actual | I5: Impacto (1-5) | J5: Dependencia (1-5) | K5: Prioridad (%) | L5: Cuadrante | M5: Estrategia sugerida | N5: Responsable interno | O5: Canal preferente | P5: Frecuencia | Q5: Próxima acción | R5: Fecha próxima | S5: Estado relación | T5: Riesgo / oportunidad clave | U5: Notas
A6: =IF(B6="","","STK-"&TEXT(ROW()-5,"00")) -> STK-01 | B6: Concejalía de Movilidad | C6: Institucional | D6: Gobierno | E6: Sponsor político y decisor final | F6: 5 | G6: 5 | H6: Patrocina | I6: 5 | J6: 5 | K6: =IF(B6="","",ROUND(((F6*0.35)+(G6*0.2)+(I6*0.2)+(J6*0.1)+((6-Listas!K6)*0.15))/5*100,0)) -> 88 | L6: =IF(B6="","",IF(AND(F6>=4,G6>=4),"Gestionar de cerca",IF(AND(F6>=4,G6<4),"Mantener satisfecho",IF(AND(F6<4,G6>=4),"Mantener informado","Monitorizar")))) -> Gestionar de cerca | M6: =IF(B6="","",IF(AND(Listas!K6<=2,F6>=4),"Reconducir postura con reuniones 1:1 y sponsor ejecutivo",IF(AND(L6="Gestionar de cerca",Listas!K6>=4),"Involucrar en decisiones clave y seguimiento semanal",IF(L6="Mantener satisfecho","Compartir avances ejecutivos y pedir validación en hitos",IF(L6="Mantener informado","Comunicación periódica y recogida de feedback","Seguimiento ligero y vigilancia de cambios"))))) -> Involucrar en decisiones clave y seguimiento semanal | N6: Movilidad | O6: Comité | P6: Semanal | Q6: Validar plan de despliegue por fases | R6: 46106 | S6: Alineado | T6: Puede acelerar licencias y visibilidad pública
A7: =IF(B7="","","STK-"&TEXT(ROW()-5,"00")) -> STK-02 | B7: Intervención municipal / Hacienda | C7: Institucional | D7: Finanzas | E7: Control presupuestario y contractual | F7: 5 | G7: 3 | H7: Neutral | I7: 4 | J7: 4 | K7: =IF(B7="","",ROUND(((F7*0.35)+(G7*0.2)+(I7*0.2)+(J7*0.1)+((6-Listas!K7)*0.15))/5*100,0)) -> 80 | L7: =IF(B7="","",IF(AND(F7>=4,G7>=4),"Gestionar de cerca",IF(AND(F7>=4,G7<4),"Mantener satisfecho",IF(AND(F7<4,G7>=4),"Mantener informado","Monitorizar")))) -> Mantener satisfecho | M7: =IF(B7="","",IF(AND(Listas!K7<=2,F7>=4),"Reconducir postura con reuniones 1:1 y sponsor ejecutivo",IF(AND(L7="Gestionar de cerca",Listas!K7>=4),"Involucrar en decisiones clave y seguimiento semanal",IF(L7="Mantener satisfecho","Compartir avances ejecutivos y pedir validación en hitos",IF(L7="Mantener informado","Comunicación periódica y recogida de feedback","Seguimiento ligero y vigilancia de cambios"))))) -> Compartir avances ejecutivos y pedir validación en hitos | N7: Finanzas | O7: Comité | P7: Mensual | Q7: Cerrar revisión del modelo financiero anual | R7: 46114 | S7: En seguimiento | T7: Riesgo de recortes si no se acredita retorno público
A8: =IF(B8="","","STK-"&TEXT(ROW()-5,"00")) -> STK-03 | B8: Policía Local | C8: Institucional | D8: Seguridad | E8: Ordenación vial, eventos y ocupación del espacio | F8: 4 | G8: 4 | H8: Favorece | I8: 4 | J8: 4 | K8: =IF(B8="","",ROUND(((F8*0.35)+(G8*0.2)+(I8*0.2)+(J8*0.1)+((6-Listas!K8)*0.15))/5*100,0)) -> 74 | L8: =IF(B8="","",IF(AND(F8>=4,G8>=4),"Gestionar de cerca",IF(AND(F8>=4,G8<4),"Mantener satisfecho",IF(AND(F8<4,G8>=4),"Mantener informado","Monitorizar")))) -> Gestionar de cerca | M8: =IF(B8="","",IF(AND(Listas!K8<=2,F8>=4),"Reconducir postura con reuniones 1:1 y sponsor ejecutivo",IF(AND(L8="Gestionar de cerca",Listas!K8>=4),"Involucrar en decisiones clave y seguimiento semanal",IF(L8="Mantener satisfecho","Compartir avances ejecutivos y pedir validación en hitos",IF(L8="Mantener informado","Comunicación periódica y recogida de feedback","Seguimiento ligero y vigilancia de cambios"))))) -> Involucrar en decisiones clave y seguimiento semanal | N8: Movilidad | O8: Reunión 1:1 | P8: Quincenal | Q8: Acordar protocolo de incidencias y retirada | R8: 46109 | S8: En seguimiento | T8: Puede reducir fricciones operativas y quejas
A9: =IF(B9="","","STK-"&TEXT(ROW()-5,"00")) -> STK-04 | B9: Asociación de Vecinos del Centro | C9: Ciudadanía | D9: Comunidad | E9: Colectivo más expuesto al despliegue inicial | F9: 4 | G9: 5 | H9: Resiste | I9: 4 | J9: 3 | K9: =IF(B9="","",ROUND(((F9*0.35)+(G9*0.2)+(I9*0.2)+(J9*0.1)+((6-Listas!K9)*0.15))/5*100,0)) -> 82 | L9: =IF(B9="","",IF(AND(F9>=4,G9>=4),"Gestionar de cerca",IF(AND(F9>=4,G9<4),"Mantener satisfecho",IF(AND(F9<4,G9>=4),"Mantener informado","Monitorizar")))) -> Gestionar de cerca | M9: =IF(B9="","",IF(AND(Listas!K9<=2,F9>=4),"Reconducir postura con reuniones 1:1 y sponsor ejecutivo",IF(AND(L9="Gestionar de cerca",Listas!K9>=4),"Involucrar en decisiones clave y seguimiento semanal",IF(L9="Mantener satisfecho","Compartir avances ejecutivos y pedir validación en hitos",IF(L9="Mantener informado","Comunicación periódica y recogida de feedback","Seguimiento ligero y vigilancia de cambios"))))) -> Reconducir postura con reuniones 1:1 y sponsor ejecutivo | N9: Comunicación | O9: Taller | P9: Quincenal | Q9: Presentar mapa de estaciones y ajustes por ruido | R9: 46102 | S9: En riesgo | T9: Riesgo reputacional si perciben invasión del espacio público
A10: =IF(B10="","","STK-"&TEXT(ROW()-5,"00")) -> STK-05 | B10: Comercios del casco histórico | C10: Ciudadanía | D10: Comercial | E10: Afectados por la ubicación de estaciones y oportunidad de tráfico | F10: 3 | G10: 4 | H10: Neutral | I10: 3 | J10: 2 | K10: =IF(B10="","",ROUND(((F10*0.35)+(G10*0.2)+(I10*0.2)+(J10*0.1)+((6-Listas!K10)*0.15))/5*100,0)) -> 62 | L10: =IF(B10="","",IF(AND(F10>=4,G10>=4),"Gestionar de cerca",IF(AND(F10>=4,G10<4),"Mantener satisfecho",IF(AND(F10<4,G10>=4),"Mantener informado","Monitorizar")))) -> Mantener informado | M10: =IF(B10="","",IF(AND(Listas!K10<=2,F10>=4),"Reconducir postura con reuniones 1:1 y sponsor ejecutivo",IF(AND(L10="Gestionar de cerca",Listas!K10>=4),"Involucrar en decisiones clave y seguimiento semanal",IF(L10="Mantener satisfecho","Compartir avances ejecutivos y pedir validación en hitos",IF(L10="Mantener informado","Comunicación periódica y recogida de feedback","Seguimiento ligero y vigilancia de cambios"))))) -> Comunicación periódica y recogida de feedback | N10: Comunicación | O10: Taller | P10: Mensual | Q10: Lanzar propuesta de campaña conjunta con descuentos | R10: 46120 | S10: En seguimiento | T10: Pueden convertirse en promotores del uso diario
A11: =IF(B11="","","STK-"&TEXT(ROW()-5,"00")) -> STK-06 | B11: Universidad Río Norte | C11: Partner | D11: Comunidad | E11: Nodo de alta demanda potencial y validación piloto | F11: 3 | G11: 4 | H11: Favorece | I11: 3 | J11: 3 | K11: =IF(B11="","",ROUND(((F11*0.35)+(G11*0.2)+(I11*0.2)+(J11*0.1)+((6-Listas!K11)*0.15))/5*100,0)) -> 61 | L11: =IF(B11="","",IF(AND(F11>=4,G11>=4),"Gestionar de cerca",IF(AND(F11>=4,G11<4),"Mantener satisfecho",IF(AND(F11<4,G11>=4),"Mantener informado","Monitorizar")))) -> Mantener informado | M11: =IF(B11="","",IF(AND(Listas!K11<=2,F11>=4),"Reconducir postura con reuniones 1:1 y sponsor ejecutivo",IF(AND(L11="Gestionar de cerca",Listas!K11>=4),"Involucrar en decisiones clave y seguimiento semanal",IF(L11="Mantener satisfecho","Compartir avances ejecutivos y pedir validación en hitos",IF(L11="Mantener informado","Comunicación periódica y recogida de feedback","Seguimiento ligero y vigilancia de cambios"))))) -> Comunicación periódica y recogida de feedback | N11: Movilidad | O11: Presentación | P11: Mensual | Q11: Definir estación piloto en campus norte | R11: 46122 | S11: Alineado | T11: Aporta adopción temprana y datos de uso
A12: =IF(B12="","","STK-"&TEXT(ROW()-5,"00")) -> STK-07 | B12: Operador tecnológico de la app | C12: Proveedor | D12: Tecnología | E12: Desarrollo, integraciones y soporte de la app | F12: 4 | G12: 5 | H12: Favorece | I12: 5 | J12: 5 | K12: =IF(B12="","",ROUND(((F12*0.35)+(G12*0.2)+(I12*0.2)+(J12*0.1)+((6-Listas!K12)*0.15))/5*100,0)) -> 84 | L12: =IF(B12="","",IF(AND(F12>=4,G12>=4),"Gestionar de cerca",IF(AND(F12>=4,G12<4),"Mantener satisfecho",IF(AND(F12<4,G12>=4),"Mantener informado","Monitorizar")))) -> Gestionar de cerca | M12: =IF(B12="","",IF(AND(Listas!K12<=2,F12>=4),"Reconducir postura con reuniones 1:1 y sponsor ejecutivo",IF(AND(L12="Gestionar de cerca",Listas!K12>=4),"Involucrar en decisiones clave y seguimiento semanal",IF(L12="Mantener satisfecho","Compartir avances ejecutivos y pedir validación en hitos",IF(L12="Mantener informado","Comunicación periódica y recogida de feedback","Seguimiento ligero y vigilancia de cambios"))))) -> Involucrar en decisiones clave y seguimiento semanal | N12: Tecnología | O12: Comité | P12: Semanal | Q12: Revisar backlog crítico y pruebas de pago | R12: 46101 | S12: En seguimiento | T12: Dependencia alta para la salida a mercado
A13: =IF(B13="","","STK-"&TEXT(ROW()-5,"00")) -> STK-08 | B13: Proveedor de estaciones y bicicletas | C13: Proveedor | D13: Operaciones | E13: Suministro, montaje y garantía del hardware | F13: 4 | G13: 5 | H13: Favorece | I13: 5 | J13: 5 | K13: =IF(B13="","",ROUND(((F13*0.35)+(G13*0.2)+(I13*0.2)+(J13*0.1)+((6-Listas!K13)*0.15))/5*100,0)) -> 84 | L13: =IF(B13="","",IF(AND(F13>=4,G13>=4),"Gestionar de cerca",IF(AND(F13>=4,G13<4),"Mantener satisfecho",IF(AND(F13<4,G13>=4),"Mantener informado","Monitorizar")))) -> Gestionar de cerca | M13: =IF(B13="","",IF(AND(Listas!K13<=2,F13>=4),"Reconducir postura con reuniones 1:1 y sponsor ejecutivo",IF(AND(L13="Gestionar de cerca",Listas!K13>=4),"Involucrar en decisiones clave y seguimiento semanal",IF(L13="Mantener satisfecho","Compartir avances ejecutivos y pedir validación en hitos",IF(L13="Mantener informado","Comunicación periódica y recogida de feedback","Seguimiento ligero y vigilancia de cambios"))))) -> Involucrar en decisiones clave y seguimiento semanal | N13: Operaciones | O13: Llamada | P13: Semanal | Q13: Confirmar cronograma logístico del primer lote | R13: 46100 | S13: En seguimiento | T13: Riesgo de retraso por aduanas en baterías
A14: =IF(B14="","","STK-"&TEXT(ROW()-5,"00")) -> STK-09 | B14: Equipo de mantenimiento y reequilibrio | C14: Operación | D14: Operaciones | E14: Operación diaria y redistribución de flota | F14: 3 | G14: 5 | H14: Favorece | I14: 4 | J14: 5 | K14: =IF(B14="","",ROUND(((F14*0.35)+(G14*0.2)+(I14*0.2)+(J14*0.1)+((6-Listas!K14)*0.15))/5*100,0)) -> 73 | L14: =IF(B14="","",IF(AND(F14>=4,G14>=4),"Gestionar de cerca",IF(AND(F14>=4,G14<4),"Mantener satisfecho",IF(AND(F14<4,G14>=4),"Mantener informado","Monitorizar")))) -> Mantener informado | M14: =IF(B14="","",IF(AND(Listas!K14<=2,F14>=4),"Reconducir postura con reuniones 1:1 y sponsor ejecutivo",IF(AND(L14="Gestionar de cerca",Listas!K14>=4),"Involucrar en decisiones clave y seguimiento semanal",IF(L14="Mantener satisfecho","Compartir avances ejecutivos y pedir validación en hitos",IF(L14="Mantener informado","Comunicación periódica y recogida de feedback","Seguimiento ligero y vigilancia de cambios"))))) -> Comunicación periódica y recogida de feedback | N14: Operaciones | O14: Visita de campo | P14: Semanal | Q14: Diseñar rutas de reequilibrio para horas punta | R14: 46108 | S14: Alineado | T14: Clave para calidad percibida del servicio
A15: =IF(B15="","","STK-"&TEXT(ROW()-5,"00")) -> STK-10 | B15: Comité de Accesibilidad Urbana | C15: Ciudadanía | D15: Sostenibilidad | E15: Revisión de accesibilidad y seguridad peatonal | F15: 3 | G15: 4 | H15: Neutral | I15: 4 | J15: 2 | K15: =IF(B15="","",ROUND(((F15*0.35)+(G15*0.2)+(I15*0.2)+(J15*0.1)+((6-Listas!K15)*0.15))/5*100,0)) -> 66 | L15: =IF(B15="","",IF(AND(F15>=4,G15>=4),"Gestionar de cerca",IF(AND(F15>=4,G15<4),"Mantener satisfecho",IF(AND(F15<4,G15>=4),"Mantener informado","Monitorizar")))) -> Mantener informado | M15: =IF(B15="","",IF(AND(Listas!K15<=2,F15>=4),"Reconducir postura con reuniones 1:1 y sponsor ejecutivo",IF(AND(L15="Gestionar de cerca",Listas!K15>=4),"Involucrar en decisiones clave y seguimiento semanal",IF(L15="Mantener satisfecho","Compartir avances ejecutivos y pedir validación en hitos",IF(L15="Mantener informado","Comunicación periódica y recogida de feedback","Seguimiento ligero y vigilancia de cambios"))))) -> Comunicación periódica y recogida de feedback | N15: Movilidad | O15: Taller | P15: Mensual | Q15: Validar distancias mínimas y bordillos accesibles | R15: 46117 | S15: En seguimiento | T15: Puede mejorar aceptación social y diseño inclusivo
A16: =IF(B16="","","STK-"&TEXT(ROW()-5,"00")) -> STK-11 | B16: Agencia local de turismo | C16: Partner | D16: Comercial | E16: Difusión del servicio al visitante | F16: 2 | G16: 3 | H16: Favorece | I16: 2 | J16: 1 | K16: =IF(B16="","",ROUND(((F16*0.35)+(G16*0.2)+(I16*0.2)+(J16*0.1)+((6-Listas!K16)*0.15))/5*100,0)) -> 42 | L16: =IF(B16="","",IF(AND(F16>=4,G16>=4),"Gestionar de cerca",IF(AND(F16>=4,G16<4),"Mantener satisfecho",IF(AND(F16<4,G16>=4),"Mantener informado","Monitorizar")))) -> Monitorizar | M16: =IF(B16="","",IF(AND(Listas!K16<=2,F16>=4),"Reconducir postura con reuniones 1:1 y sponsor ejecutivo",IF(AND(L16="Gestionar de cerca",Listas!K16>=4),"Involucrar en decisiones clave y seguimiento semanal",IF(L16="Mantener satisfecho","Compartir avances ejecutivos y pedir validación en hitos",IF(L16="Mantener informado","Comunicación periódica y recogida de feedback","Seguimiento ligero y vigilancia de cambios"))))) -> Seguimiento ligero y vigilancia de cambios | N16: Comunicación | O16: Email | P16: Mensual | Q16: Preparar kit promocional para temporada alta | R16: 46130 | S16: Pendiente | T16: Oportunidad de ampliar uso no residente
A17: =IF(B17="","","STK-"&TEXT(ROW()-5,"00")) -> STK-12 | B17: Prensa local | C17: Medios | D17: Comunicación | E17: Amplifica percepción pública del proyecto | F17: 3 | G17: 3 | H17: Neutral | I17: 3 | J17: 1 | K17: =IF(B17="","",ROUND(((F17*0.35)+(G17*0.2)+(I17*0.2)+(J17*0.1)+((6-Listas!K17)*0.15))/5*100,0)) -> 56 | L17: =IF(B17="","",IF(AND(F17>=4,G17>=4),"Gestionar de cerca",IF(AND(F17>=4,G17<4),"Mantener satisfecho",IF(AND(F17<4,G17>=4),"Mantener informado","Monitorizar")))) -> Monitorizar | M17: =IF(B17="","",IF(AND(Listas!K17<=2,F17>=4),"Reconducir postura con reuniones 1:1 y sponsor ejecutivo",IF(AND(L17="Gestionar de cerca",Listas!K17>=4),"Involucrar en decisiones clave y seguimiento semanal",IF(L17="Mantener satisfecho","Compartir avances ejecutivos y pedir validación en hitos",IF(L17="Mantener informado","Comunicación periódica y recogida de feedback","Seguimiento ligero y vigilancia de cambios"))))) -> Seguimiento ligero y vigilancia de cambios | N17: Comunicación | O17: Presentación | P17: Mensual | Q17: Preparar dossier con mensajes y datos clave | R17: 46119 | S17: Pendiente | T17: Puede escalar incidencias menores si no se gestiona
... A23: =IF(B23="","","STK-"&TEXT(ROW()-5,"00")) -> STK-18 | B23: Empresa de recarga eléctrica | C23: Proveedor | D23: Operaciones | E23: Infraestructura de recarga y SLA energético | F23: 3 | G23: 4 | H23: Favorece | I23: 4 | J23: 4 | K23: =IF(B23="","",ROUND(((F23*0.35)+(G23*0.2)+(I23*0.2)+(J23*0.1)+((6-Listas!K23)*0.15))/5*100,0)) -> 67 | L23: =IF(B23="","",IF(AND(F23>=4,G23>=4),"Gestionar de cerca",IF(AND(F23>=4,G23<4),"Mantener satisfecho",IF(AND(F23<4,G23>=4),"Mantener informado","Monitorizar")))) -> Mantener informado | M23: =IF(B23="","",IF(AND(Listas!K23<=2,F23>=4),"Reconducir postura con reuniones 1:1 y sponsor ejecutivo",IF(AND(L23="Gestionar de cerca",Listas!K23>=4),"Involucrar en decisiones clave y seguimiento semanal",IF(L23="Mantener satisfecho","Compartir avances ejecutivos y pedir validación en hitos",IF(L23="Mantener informado","Comunicación periódica y recogida de feedback","Seguimiento ligero y vigilancia de cambios"))))) -> Comunicación periódica y recogida de feedback | N23: Operaciones | O23: Llamada | P23: Quincenal | Q23: Cerrar SLA de puntos de carga y respuesta 24h | R23: 46112 | S23: En seguimiento | T23: Riesgo operativo si falla disponibilidad energética
A24: =IF(B24="","","STK-"&TEXT(ROW()-5,"00")) | K24: =IF(B24="","",ROUND(((F24*0.35)+(G24*0.2)+(I24*0.2)+(J24*0.1)+((6-Listas!K24)*0.15))/5*100,0)) | L24: =IF(B24="","",IF(AND(F24>=4,G24>=4),"Gestionar de cerca",IF(AND(F24>=4,G24<4),"Mantener satisfecho",IF(AND(F24<4,G24>=4),"Mantener informado","Monitorizar")))) | M24: =IF(B24="","",IF(AND(Listas!K24<=2,F24>=4),"Reconducir postura con reuniones 1:1 y sponsor ejecutivo",IF(AND(L24="Gestionar de cerca",Listas!K24>=4),"Involucrar en decisiones clave y seguimiento semanal",IF(L24="Mantener satisfecho","Compartir avances ejecutivos y pedir validación en hitos",IF(L24="Mantener informado","Comunicación periódica y recogida de feedback","Seguimiento ligero y vigilancia de cambios")))))
A25: =IF(B25="","","STK-"&TEXT(ROW()-5,"00")) | K25: =IF(B25="","",ROUND(((F25*0.35)+(G25*0.2)+(I25*0.2)+(J25*0.1)+((6-Listas!K25)*0.15))/5*100,0)) | L25: =IF(B25="","",IF(AND(F25>=4,G25>=4),"Gestionar de cerca",IF(AND(F25>=4,G25<4),"Mantener satisfecho",IF(AND(F25<4,G25>=4),"Mantener informado","Monitorizar")))) | M25: =IF(B25="","",IF(AND(Listas!K25<=2,F25>=4),"Reconducir postura con reuniones 1:1 y sponsor ejecutivo",IF(AND(L25="Gestionar de cerca",Listas!K25>=4),"Involucrar en decisiones clave y seguimiento semanal",IF(L25="Mantener satisfecho","Compartir avances ejecutivos y pedir validación en hitos",IF(L25="Mantener informado","Comunicación periódica y recogida de feedback","Seguimiento ligero y vigilancia de cambios")))))
A26: =IF(B26="","","STK-"&TEXT(ROW()-5,"00")) | K26: =IF(B26="","",ROUND(((F26*0.35)+(G26*0.2)+(I26*0.2)+(J26*0.1)+((6-Listas!K26)*0.15))/5*100,0)) | L26: =IF(B26="","",IF(AND(F26>=4,G26>=4),"Gestionar de cerca",IF(AND(F26>=4,G26<4),"Mantener satisfecho",IF(AND(F26<4,G26>=4),"Mantener informado","Monitorizar")))) | M26: =IF(B26="","",IF(AND(Listas!K26<=2,F26>=4),"Reconducir postura con reuniones 1:1 y sponsor ejecutivo",IF(AND(L26="Gestionar de cerca",Listas!K26>=4),"Involucrar en decisiones clave y seguimiento semanal",IF(L26="Mantener satisfecho","Compartir avances ejecutivos y pedir validación en hitos",IF(L26="Mantener informado","Comunicación periódica y recogida de feedback","Seguimiento ligero y vigilancia de cambios")))))
A27: =IF(B27="","","STK-"&TEXT(ROW()-5,"00")) | K27: =IF(B27="","",ROUND(((F27*0.35)+(G27*0.2)+(I27*0.2)+(J27*0.1)+((6-Listas!K27)*0.15))/5*100,0)) | L27: =IF(B27="","",IF(AND(F27>=4,G27>=4),"Gestionar de cerca",IF(AND(F27>=4,G27<4),"Mantener satisfecho",IF(AND(F27<4,G27>=4),"Mantener informado","Monitorizar")))) | M27: =IF(B27="","",IF(AND(Listas!K27<=2,F27>=4),"Reconducir postura con reuniones 1:1 y sponsor ejecutivo",IF(AND(L27="Gestionar de cerca",Listas!K27>=4),"Involucrar en decisiones clave y seguimiento semanal",IF(L27="Mantener satisfecho","Compartir avances ejecutivos y pedir validación en hitos",IF(L27="Mantener informado","Comunicación periódica y recogida de feedback","Seguimiento ligero y vigilancia de cambios")))))
A28: =IF(B28="","","STK-"&TEXT(ROW()-5,"00")) | K28: =IF(B28="","",ROUND(((F28*0.35)+(G28*0.2)+(I28*0.2)+(J28*0.1)+((6-Listas!K28)*0.15))/5*100,0)) | L28: =IF(B28="","",IF(AND(F28>=4,G28>=4),"Gestionar de cerca",IF(AND(F28>=4,G28<4),"Mantener satisfecho",IF(AND(F28<4,G28>=4),"Mantener informado","Monitorizar")))) | M28: =IF(B28="","",IF(AND(Listas!K28<=2,F28>=4),"Reconducir postura con reuniones 1:1 y sponsor ejecutivo",IF(AND(L28="Gestionar de cerca",Listas!K28>=4),"Involucrar en decisiones clave y seguimiento semanal",IF(L28="Mantener satisfecho","Compartir avances ejecutivos y pedir validación en hitos",IF(L28="Mantener informado","Comunicación periódica y recogida de feedback","Seguimiento ligero y vigilancia de cambios")))))
A29: =IF(B29="","","STK-"&TEXT(ROW()-5,"00")) | K29: =IF(B29="","",ROUND(((F29*0.35)+(G29*0.2)+(I29*0.2)+(J29*0.1)+((6-Listas!K29)*0.15))/5*100,0)) | L29: =IF(B29="","",IF(AND(F29>=4,G29>=4),"Gestionar de cerca",IF(AND(F29>=4,G29<4),"Mantener satisfecho",IF(AND(F29<4,G29>=4),"Mantener informado","Monitorizar")))) | M29: =IF(B29="","",IF(AND(Listas!K29<=2,F29>=4),"Reconducir postura con reuniones 1:1 y sponsor ejecutivo",IF(AND(L29="Gestionar de cerca",Listas!K29>=4),"Involucrar en decisiones clave y seguimiento semanal",IF(L29="Mantener satisfecho","Compartir avances ejecutivos y pedir validación en hitos",IF(L29="Mantener informado","Comunicación periódica y recogida de feedback","Seguimiento ligero y vigilancia de cambios")))))
A30: =IF(B30="","","STK-"&TEXT(ROW()-5,"00")) | K30: =IF(B30="","",ROUND(((F30*0.35)+(G30*0.2)+(I30*0.2)+(J30*0.1)+((6-Listas!K30)*0.15))/5*100,0)) | L30: =IF(B30="","",IF(AND(F30>=4,G30>=4),"Gestionar de cerca",IF(AND(F30>=4,G30<4),"Mantener satisfecho",IF(AND(F30<4,G30>=4),"Mantener informado","Monitorizar")))) | M30: =IF(B30="","",IF(AND(Listas!K30<=2,F30>=4),"Reconducir postura con reuniones 1:1 y sponsor ejecutivo",IF(AND(L30="Gestionar de cerca",Listas!K30>=4),"Involucrar en decisiones clave y seguimiento semanal",IF(L30="Mantener satisfecho","Compartir avances ejecutivos y pedir validación en hitos",IF(L30="Mantener informado","Comunicación periódica y recogida de feedback","Seguimiento ligero y vigilancia de cambios")))))
A31: =IF(B31="","","STK-"&TEXT(ROW()-5,"00")) | K31: =IF(B31="","",ROUND(((F31*0.35)+(G31*0.2)+(I31*0.2)+(J31*0.1)+((6-Listas!K31)*0.15))/5*100,0)) | L31: =IF(B31="","",IF(AND(F31>=4,G31>=4),"Gestionar de cerca",IF(AND(F31>=4,G31<4),"Mantener satisfecho",IF(AND(F31<4,G31>=4),"Mantener informado","Monitorizar")))) | M31: =IF(B31="","",IF(AND(Listas!K31<=2,F31>=4),"Reconducir postura con reuniones 1:1 y sponsor ejecutivo",IF(AND(L31="Gestionar de cerca",Listas!K31>=4),"Involucrar en decisiones clave y seguimiento semanal",IF(L31="Mantener satisfecho","Compartir avances ejecutivos y pedir validación en hitos",IF(L31="Mantener informado","Comunicación periódica y recogida de feedback","Seguimiento ligero y vigilancia de cambios")))))
A32: =IF(B32="","","STK-"&TEXT(ROW()-5,"00")) | K32: =IF(B32="","",ROUND(((F32*0.35)+(G32*0.2)+(I32*0.2)+(J32*0.1)+((6-Listas!K32)*0.15))/5*100,0)) | L32: =IF(B32="","",IF(AND(F32>=4,G32>=4),"Gestionar de cerca",IF(AND(F32>=4,G32<4),"Mantener satisfecho",IF(AND(F32<4,G32>=4),"Mantener informado","Monitorizar")))) | M32: =IF(B32="","",IF(AND(Listas!K32<=2,F32>=4),"Reconducir postura con reuniones 1:1 y sponsor ejecutivo",IF(AND(L32="Gestionar de cerca",Listas!K32>=4),"Involucrar en decisiones clave y seguimiento semanal",IF(L32="Mantener satisfecho","Compartir avances ejecutivos y pedir validación en hitos",IF(L32="Mantener informado","Comunicación periódica y recogida de feedback","Seguimiento ligero y vigilancia de cambios")))))
A33: =IF(B33="","","STK-"&TEXT(ROW()-5,"00")) | K33: =IF(B33="","",ROUND(((F33*0.35)+(G33*0.2)+(I33*0.2)+(J33*0.1)+((6-Listas!K33)*0.15))/5*100,0)) | L33: =IF(B33="","",IF(AND(F33>=4,G33>=4),"Gestionar de cerca",IF(AND(F33>=4,G33<4),"Mantener satisfecho",IF(AND(F33<4,G33>=4),"Mantener informado","Monitorizar")))) | M33: =IF(B33="","",IF(AND(Listas!K33<=2,F33>=4),"Reconducir postura con reuniones 1:1 y sponsor ejecutivo",IF(AND(L33="Gestionar de cerca",Listas!K33>=4),"Involucrar en decisiones clave y seguimiento semanal",IF(L33="Mantener satisfecho","Compartir avances ejecutivos y pedir validación en hitos",IF(L33="Mantener informado","Comunicación periódica y recogida de feedback","Seguimiento ligero y vigilancia de cambios")))))
A34: =IF(B34="","","STK-"&TEXT(ROW()-5,"00")) | K34: =IF(B34="","",ROUND(((F34*0.35)+(G34*0.2)+(I34*0.2)+(J34*0.1)+((6-Listas!K34)*0.15))/5*100,0)) | L34: =IF(B34="","",IF(AND(F34>=4,G34>=4),"Gestionar de cerca",IF(AND(F34>=4,G34<4),"Mantener satisfecho",IF(AND(F34<4,G34>=4),"Mantener informado","Monitorizar")))) | M34: =IF(B34="","",IF(AND(Listas!K34<=2,F34>=4),"Reconducir postura con reuniones 1:1 y sponsor ejecutivo",IF(AND(L34="Gestionar de cerca",Listas!K34>=4),"Involucrar en decisiones clave y seguimiento semanal",IF(L34="Mantener satisfecho","Compartir avances ejecutivos y pedir validación en hitos",IF(L34="Mantener informado","Comunicación periódica y recogida de feedback","Seguimiento ligero y vigilancia de cambios")))))
A35: =IF(B35="","","STK-"&TEXT(ROW()-5,"00")) | K35: =IF(B35="","",ROUND(((F35*0.35)+(G35*0.2)+(I35*0.2)+(J35*0.1)+((6-Listas!K35)*0.15))/5*100,0)) | L35: =IF(B35="","",IF(AND(F35>=4,G35>=4),"Gestionar de cerca",IF(AND(F35>=4,G35<4),"Mantener satisfecho",IF(AND(F35<4,G35>=4),"Mantener informado","Monitorizar")))) | M35: =IF(B35="","",IF(AND(Listas!K35<=2,F35>=4),"Reconducir postura con reuniones 1:1 y sponsor ejecutivo",IF(AND(L35="Gestionar de cerca",Listas!K35>=4),"Involucrar en decisiones clave y seguimiento semanal",IF(L35="Mantener satisfecho","Compartir avances ejecutivos y pedir validación en hitos",IF(L35="Mantener informado","Comunicación periódica y recogida de feedback","Seguimiento ligero y vigilancia de cambios")))))

Sheet Listas
A1: lista_tipo | B1: lista_categoria | C1: lista_nivel | D1: lista_apoyo | E1: lista_responsable | F1: lista_canal | G1: lista_frecuencia | H1: lista_estado | J1: Fuentes metodológicas consultadas | K1: apoyo_num | L1: orden_prioridad | M1: orden_fecha | N1: nivel_prioridad | O1: rango_fecha | P1: fecha_txt
A2: Institucional | B2: Gobierno | C2: 1 | D2: Bloquea | E2: PMO | F2: Reunión 1:1 | G2: Semanal | H2: Pendiente | J2: https://www.smartsheet.com/content/stakeholder-mapping-template
A3: Ciudadanía | B3: Comunidad | C3: 2 | D3: Resiste | E3: Movilidad | F3: Comité | G3: Quincenal | H3: En seguimiento | J3: https://www.projectmanager.com/templates/stakeholder-map-template
A4: Proveedor | B4: Tecnología | C4: 3 | D4: Neutral | E4: Operaciones | F4: Email | G4: Mensual | H4: Alineado | J4: https://www.projectmanager.com/templates/stakeholder-analysis-template
A5: Partner | B5: Operaciones | C5: 4 | D5: Favorece | E5: Comunicación | F5: Llamada | G5: Bimensual | H5: En riesgo | J5: https://www.atlassian.com/software/confluence/templates/stakeholder-mapping
A6: Medios | B6: Finanzas | C6: 5 | D6: Patrocina | E6: Legal | F6: Taller | G6: Trimestral | H6: Cerrado | J6: https://www.minciencia.gob.cl/uploads/filer_public/76/2d/762dd4e0-a99b-4261-bdea-3a0519dd353f/manual_priorizacion.pdf | K6: =IF(Registro!H6="","",IF(Registro!H6="Bloquea",1,IF(Registro!H6="Resiste",2,IF(Registro!H6="Neutral",3,IF(Registro!H6="Favorece",4,IF(Registro!H6="Patrocina",5,"")))))) -> 5 | L6: =IF(Registro!B6="","",Registro!K6*1000+ROW()) -> 88006 | M6: =IF(OR(Registro!B6="",Registro!R6="",Registro!S6="Cerrado"),"",Registro!R6*1000+ROW()) -> 46106006 | N6: =IF(Registro!K6="","",IF(Registro!K6>=80,"Crítico",IF(Registro!K6>=65,"Alto",IF(Registro!K6>=50,"Medio","Bajo")))) -> Crítico | P6: =IF(Registro!R6="","",TEXT(Registro!R6,"dd/mm/yyyy")) -> 25/03/yyyy
A7: Operación | B7: Seguridad | E7: Finanzas | F7: Visita de campo | G7: A demanda | K7: =IF(Registro!H7="","",IF(Registro!H7="Bloquea",1,IF(Registro!H7="Resiste",2,IF(Registro!H7="Neutral",3,IF(Registro!H7="Favorece",4,IF(Registro!H7="Patrocina",5,"")))))) -> 3 | L7: =IF(Registro!B7="","",Registro!K7*1000+ROW()) -> 80007 | M7: =IF(OR(Registro!B7="",Registro!R7="",Registro!S7="Cerrado"),"",Registro!R7*1000+ROW()) -> 46114007 | N7: =IF(Registro!K7="","",IF(Registro!K7>=80,"Crítico",IF(Registro!K7>=65,"Alto",IF(Registro!K7>=50,"Medio","Bajo")))) -> Crítico | P7: =IF(Registro!R7="","",TEXT(Registro!R7,"dd/mm/yyyy")) -> 02/04/yyyy
B8: Sostenibilidad | E8: Tecnología | F8: Boletín | K8: =IF(Registro!H8="","",IF(Registro!H8="Bloquea",1,IF(Registro!H8="Resiste",2,IF(Registro!H8="Neutral",3,IF(Registro!H8="Favorece",4,IF(Registro!H8="Patrocina",5,"")))))) -> 4 | L8: =IF(Registro!B8="","",Registro!K8*1000+ROW()) -> 74008 | M8: =IF(OR(Registro!B8="",Registro!R8="",Registro!S8="Cerrado"),"",Registro!R8*1000+ROW()) -> 46109008 | N8: =IF(Registro!K8="","",IF(Registro!K8>=80,"Crítico",IF(Registro!K8>=65,"Alto",IF(Registro!K8>=50,"Medio","Bajo")))) -> Alto | P8: =IF(Registro!R8="","",TEXT(Registro!R8,"dd/mm/yyyy")) -> 28/03/yyyy
B9: Comercial | E9: Rel. Institucionales | F9: Presentación | K9: =IF(Registro!H9="","",IF(Registro!H9="Bloquea",1,IF(Registro!H9="Resiste",2,IF(Registro!H9="Neutral",3,IF(Registro!H9="Favorece",4,IF(Registro!H9="Patrocina",5,"")))))) -> 2 | L9: =IF(Registro!B9="","",Registro!K9*1000+ROW()) -> 82009 | M9: =IF(OR(Registro!B9="",Registro!R9="",Registro!S9="Cerrado"),"",Registro!R9*1000+ROW()) -> 46102009 | N9: =IF(Registro!K9="","",IF(Registro!K9>=80,"Crítico",IF(Registro!K9>=65,"Alto",IF(Registro!K9>=50,"Medio","Bajo")))) -> Crítico | P9: =IF(Registro!R9="","",TEXT(Registro!R9,"dd/mm/yyyy")) -> 21/03/yyyy
B10: Comunicación | K10: =IF(Registro!H10="","",IF(Registro!H10="Bloquea",1,IF(Registro!H10="Resiste",2,IF(Registro!H10="Neutral",3,IF(Registro!H10="Favorece",4,IF(Registro!H10="Patrocina",5,"")))))) -> 3 | L10: =IF(Registro!B10="","",Registro!K10*1000+ROW()) -> 62010 | M10: =IF(OR(Registro!B10="",Registro!R10="",Registro!S10="Cerrado"),"",Registro!R10*1000+ROW()) -> 46120010 | N10: =IF(Registro!K10="","",IF(Registro!K10>=80,"Crítico",IF(Registro!K10>=65,"Alto",IF(Registro!K10>=50,"Medio","Bajo")))) -> Medio | P10: =IF(Registro!R10="","",TEXT(Registro!R10,"dd/mm/yyyy")) -> 08/04/yyyy
K11: =IF(Registro!H11="","",IF(Registro!H11="Bloquea",1,IF(Registro!H11="Resiste",2,IF(Registro!H11="Neutral",3,IF(Registro!H11="Favorece",4,IF(Registro!H11="Patrocina",5,"")))))) -> 4 | L11: =IF(Registro!B11="","",Registro!K11*1000+ROW()) -> 61011 | M11: =IF(OR(Registro!B11="",Registro!R11="",Registro!S11="Cerrado"),"",Registro!R11*1000+ROW()) -> 46122011 | N11: =IF(Registro!K11="","",IF(Registro!K11>=80,"Crítico",IF(Registro!K11>=65,"Alto",IF(Registro!K11>=50,"Medio","Bajo")))) -> Medio | P11: =IF(Registro!R11="","",TEXT(Registro!R11,"dd/mm/yyyy")) -> 10/04/yyyy
K12: =IF(Registro!H12="","",IF(Registro!H12="Bloquea",1,IF(Registro!H12="Resiste",2,IF(Registro!H12="Neutral",3,IF(Registro!H12="Favorece",4,IF(Registro!H12="Patrocina",5,"")))))) -> 4 | L12: =IF(Registro!B12="","",Registro!K12*1000+ROW()) -> 84012 | M12: =IF(OR(Registro!B12="",Registro!R12="",Registro!S12="Cerrado"),"",Registro!R12*1000+ROW()) -> 46101012 | N12: =IF(Registro!K12="","",IF(Registro!K12>=80,"Crítico",IF(Registro!K12>=65,"Alto",IF(Registro!K12>=50,"Medio","Bajo")))) -> Crítico | P12: =IF(Registro!R12="","",TEXT(Registro!R12,"dd/mm/yyyy")) -> 20/03/yyyy
K13: =IF(Registro!H13="","",IF(Registro!H13="Bloquea",1,IF(Registro!H13="Resiste",2,IF(Registro!H13="Neutral",3,IF(Registro!H13="Favorece",4,IF(Registro!H13="Patrocina",5,"")))))) -> 4 | L13: =IF(Registro!B13="","",Registro!K13*1000+ROW()) -> 84013 | M13: =IF(OR(Registro!B13="",Registro!R13="",Registro!S13="Cerrado"),"",Registro!R13*1000+ROW()) -> 46100013 | N13: =IF(Registro!K13="","",IF(Registro!K13>=80,"Crítico",IF(Registro!K13>=65,"Alto",IF(Registro!K13>=50,"Medio","Bajo")))) -> Crítico | P13: =IF(Registro!R13="","",TEXT(Registro!R13,"dd/mm/yyyy")) -> 19/03/yyyy
K14: =IF(Registro!H14="","",IF(Registro!H14="Bloquea",1,IF(Registro!H14="Resiste",2,IF(Registro!H14="Neutral",3,IF(Registro!H14="Favorece",4,IF(Registro!H14="Patrocina",5,"")))))) -> 4 | L14: =IF(Registro!B14="","",Registro!K14*1000+ROW()) -> 73014 | M14: =IF(OR(Registro!B14="",Registro!R14="",Registro!S14="Cerrado"),"",Registro!R14*1000+ROW()) -> 46108014 | N14: =IF(Registro!K14="","",IF(Registro!K14>=80,"Crítico",IF(Registro!K14>=65,"Alto",IF(Registro!K14>=50,"Medio","Bajo")))) -> Alto | P14: =IF(Registro!R14="","",TEXT(Registro!R14,"dd/mm/yyyy")) -> 27/03/yyyy
K15: =IF(Registro!H15="","",IF(Registro!H15="Bloquea",1,IF(Registro!H15="Resiste",2,IF(Registro!H15="Neutral",3,IF(Registro!H15="Favorece",4,IF(Registro!H15="Patrocina",5,"")))))) -> 3 | L15: =IF(Registro!B15="","",Registro!K15*1000+ROW()) -> 66015 | M15: =IF(OR(Registro!B15="",Registro!R15="",Registro!S15="Cerrado"),"",Registro!R15*1000+ROW()) -> 46117015 | N15: =IF(Registro!K15="","",IF(Registro!K15>=80,"Crítico",IF(Registro!K15>=65,"Alto",IF(Registro!K15>=50,"Medio","Bajo")))) -> Alto | P15: =IF(Registro!R15="","",TEXT(Registro!R15,"dd/mm/yyyy")) -> 05/04/yyyy
K16: =IF(Registro!H16="","",IF(Registro!H16="Bloquea",1,IF(Registro!H16="Resiste",2,IF(Registro!H16="Neutral",3,IF(Registro!H16="Favorece",4,IF(Registro!H16="Patrocina",5,"")))))) -> 4 | L16: =IF(Registro!B16="","",Registro!K16*1000+ROW()) -> 42016 | M16: =IF(OR(Registro!B16="",Registro!R16="",Registro!S16="Cerrado"),"",Registro!R16*1000+ROW()) -> 46130016 | N16: =IF(Registro!K16="","",IF(Registro!K16>=80,"Crítico",IF(Registro!K16>=65,"Alto",IF(Registro!K16>=50,"Medio","Bajo")))) -> Bajo | P16: =IF(Registro!R16="","",TEXT(Registro!R16,"dd/mm/yyyy")) -> 18/04/yyyy
K17: =IF(Registro!H17="","",IF(Registro!H17="Bloquea",1,IF(Registro!H17="Resiste",2,IF(Registro!H17="Neutral",3,IF(Registro!H17="Favorece",4,IF(Registro!H17="Patrocina",5,"")))))) -> 3 | L17: =IF(Registro!B17="","",Registro!K17*1000+ROW()) -> 56017 | M17: =IF(OR(Registro!B17="",Registro!R17="",Registro!S17="Cerrado"),"",Registro!R17*1000+ROW()) -> 46119017 | N17: =IF(Registro!K17="","",IF(Registro!K17>=80,"Crítico",IF(Registro!K17>=65,"Alto",IF(Registro!K17>=50,"Medio","Bajo")))) -> Medio | P17: =IF(Registro!R17="","",TEXT(Registro!R17,"dd/mm/yyyy")) -> 07/04/yyyy
K18: =IF(Registro!H18="","",IF(Registro!H18="Bloquea",1,IF(Registro!H18="Resiste",2,IF(Registro!H18="Neutral",3,IF(Registro!H18="Favorece",4,IF(Registro!H18="Patrocina",5,"")))))) -> 4 | L18: =IF(Registro!B18="","",Registro!K18*1000+ROW()) -> 64018 | M18: =IF(OR(Registro!B18="",Registro!R18="",Registro!S18="Cerrado"),"",Registro!R18*1000+ROW()) -> 46124018 | N18: =IF(Registro!K18="","",IF(Registro!K18>=80,"Crítico",IF(Registro!K18>=65,"Alto",IF(Registro!K18>=50,"Medio","Bajo")))) -> Medio | P18: =IF(Registro!R18="","",TEXT(Registro!R18,"dd/mm/yyyy")) -> 12/04/yyyy
K19: =IF(Registro!H19="","",IF(Registro!H19="Bloquea",1,IF(Registro!H19="Resiste",2,IF(Registro!H19="Neutral",3,IF(Registro!H19="Favorece",4,IF(Registro!H19="Patrocina",5,"")))))) -> 1 | L19: =IF(Registro!B19="","",Registro!K19*1000+ROW()) -> 66019 | M19: =IF(OR(Registro!B19="",Registro!R19="",Registro!S19="Cerrado"),"",Registro!R19*1000+ROW()) -> 46105019 | N19: =IF(Registro!K19="","",IF(Registro!K19>=80,"Crítico",IF(Registro!K19>=65,"Alto",IF(Registro!K19>=50,"Medio","Bajo")))) -> Alto | P19: =IF(Registro!R19="","",TEXT(Registro!R19,"dd/mm/yyyy")) -> 24/03/yyyy
K20: =IF(Registro!H20="","",IF(Registro!H20="Bloquea",1,IF(Registro!H20="Resiste",2,IF(Registro!H20="Neutral",3,IF(Registro!H20="Favorece",4,IF(Registro!H20="Patrocina",5,"")))))) -> 3 | L20: =IF(Registro!B20="","",Registro!K20*1000+ROW()) -> 73020 | M20: =IF(OR(Registro!B20="",Registro!R20="",Registro!S20="Cerrado"),"",Registro!R20*1000+ROW()) -> 46113020 | N20: =IF(Registro!K20="","",IF(Registro!K20>=80,"Crítico",IF(Registro!K20>=65,"Alto",IF(Registro!K20>=50,"Medio","Bajo")))) -> Alto | P20: =IF(Registro!R20="","",TEXT(Registro!R20,"dd/mm/yyyy")) -> 01/04/yyyy
K21: =IF(Registro!H21="","",IF(Registro!H21="Bloquea",1,IF(Registro!H21="Resiste",2,IF(Registro!H21="Neutral",3,IF(Registro!H21="Favorece",4,IF(Registro!H21="Patrocina",5,"")))))) -> 5 | L21: =IF(Registro!B21="","",Registro!K21*1000+ROW()) -> 67021 | M21: =IF(OR(Registro!B21="",Registro!R21="",Registro!S21="Cerrado"),"",Registro!R21*1000+ROW()) -> 46121021 | N21: =IF(Registro!K21="","",IF(Registro!K21>=80,"Crítico",IF(Registro!K21>=65,"Alto",IF(Registro!K21>=50,"Medio","Bajo")))) -> Alto | P21: =IF(Registro!R21="","",TEXT(Registro!R21,"dd/mm/yyyy")) -> 09/04/yyyy
K22: =IF(Registro!H22="","",IF(Registro!H22="Bloquea",1,IF(Registro!H22="Resiste",2,IF(Registro!H22="Neutral",3,IF(Registro!H22="Favorece",4,IF(Registro!H22="Patrocina",5,"")))))) -> 4 | L22: =IF(Registro!B22="","",Registro!K22*1000+ROW()) -> 74022 | M22: =IF(OR(Registro!B22="",Registro!R22="",Registro!S22="Cerrado"),"",Registro!R22*1000+ROW()) -> 46115022 | N22: =IF(Registro!K22="","",IF(Registro!K22>=80,"Crítico",IF(Registro!K22>=65,"Alto",IF(Registro!K22>=50,"Medio","Bajo")))) -> Alto | P22: =IF(Registro!R22="","",TEXT(Registro!R22,"dd/mm/yyyy")) -> 03/04/yyyy
... K35: =IF(Registro!H35="","",IF(Registro!H35="Bloquea",1,IF(Registro!H35="Resiste",2,IF(Registro!H35="Neutral",3,IF(Registro!H35="Favorece",4,IF(Registro!H35="Patrocina",5,"")))))) | L35: =IF(Registro!B35="","",Registro!K35*1000+ROW()) | M35: =IF(OR(Registro!B35="",Registro!R35="",Registro!S35="Cerrado"),"",Registro!R35*1000+ROW()) | N35: =IF(Registro!K35="","",IF(Registro!K35>=80,"Crítico",IF(Registro!K35>=65,"Alto",IF(Registro!K35>=50,"Medio","Bajo")))) | P35: =IF(Registro!R35="","",TEXT(Registro!R35,"dd/mm/yyyy"))
